 Dungeon Crawl Stone Soup version bcrawl-1.28.1b (webtiles) character file.

Game seed: 18099059130361926167

168802 Morbidden the Ducker (level 7, -12/57 HPs)
             Began as a Demigod Archaeologist on Dec 14, 2020.
             Shot with an arrow by a centaur (13 damage)
             ... on level 5 of the Dungeon.
             The game lasted 00:07:34 (4890 turns).

Morbidden the Ducker (Demigod Archaeologist)        Turns: 4890, Time: 00:07:35

Health: -12/57     AC: 11    Str: 24    XL:     7   Next: 20%
Magic:  13/13      EV: 10    Int: 18    God:    Demigod [**....]
Gold:   294        SH:  0    Dex: 15    Spells: 7/11 levels left

rFire    + + .     SeeInvis .   a - +1 dagger (venom)
rCold    . . .     Gourm    .   (no shield)
rNeg     + . .     Faith    .   i - +0 chain mail (curse)
rPois    .         Spirit   .   c - +1 hat
rElec    .         Reflect  .   (no cloak)
rCorr    .         Harm     .   (no gloves)
MR       .....                  d - +1 pair of boots
Stlth    ..........             (no amulet)
HPRegen  0.19/turn              f - ring of Fedhas's Generosity {rF++ rN+ Str+5 Stlth+}
MPRegen  0.13/turn              p - ring of flight

@: no status effects
A: high mp 1
a: Temporal Distortion, Growth, Evoke Flight


You were on level 5 of the Dungeon.
You worshipped Demigod.
Demigod was pleased with you.
You were hungry.

You visited 1 branch of the dungeon, and saw 5 of its levels.

You collected 294 gold pieces.

Inventory:

Hand Weapons
 a - a +1 dagger of venom (weapon)
 l - a +1 morningstar of holy wrath
Armour
 c - a +1 hat (worn)
 d - a +1 pair of boots (worn)
 i - a cursed +0 chain mail (worn)
Jewellery
 f - the ring of Fedhas's Generosity (left hand) {rF++ rN+ Str+5 Stlth+}
   (You acquired it on level 2 of the Dungeon)

   [ring of positive energy]

   It affects your strength (+5).
   It greatly protects you from fire.
   It protects you from negative energy.
   It makes you more stealthy.
 p - a ring of flight (right hand)
Scrolls
 b - 3 scrolls of remove curse {unknown}
 g - 2 scrolls of magic mapping
 h - a scroll of fog {unknown}
 j - 3 scrolls of identify
 m - a scroll of noise {unknown}
 o - 2 scrolls of enchant armour {unknown}
 q - a scroll of immolation {unknown}
 r - a scroll of amnesia {unknown}
Potions
 k - a potion of curing
 n - a potion of lignification {unknown}
 s - a potion of cancellation {unknown}
Comestibles
 e - 9 rations {!d}


   Skills:
 * Level 3.0 Fighting
 + Level 3.6 Maces & Flails
 + Level 1.3 Armour
 * Level 3.8 Dodging
 + Level 3.2 Stealth
 * Level 2.5 Spellcasting
 * Level 0.2 Air Magic
 * Level 2.8 Invocations


You had 7 spell levels left.
You knew the following spells:

 Your Spells              Type           Power        Failure   Level  Hunger
a - Airstrike             Air            #.........   100%        4    ######.

Your spell library contained the following spells:

 Spells                   Type           Power        Failure   Level  Hunger
 Shock                    Conj/Air       #....        78%         1    None
 Swiftness                Chrm/Air       #.......     89%         2    ##.....
 Static Discharge         Air            #.......     98%         3    ####...
 Lightning Bolt           Conj/Air       #.........   100%        5    #######


Dungeon Overview and Level Annotations

Branches:
Dungeon (5/12)
 Temple: D:4-7

Shops:
D:5 }

Annotations:
D:2 1 runed door


Innate Abilities, Weirdness & Mutations

You have an increased reservoir of magic. (+10% MP)


Message History

The centaur shoots an arrow.
The arrow misses you.
The centaur shoots an arrow.
The arrow barely misses you.
The centaur shoots an arrow.
The arrow hits you.
The centaur shoots an arrow.
The arrow hits you!
You see here a scroll of magic mapping.
g - 2 scrolls of magic mapping (gained 1)
The centaur shoots an arrow.
The arrow barely misses you.
The centaur shoots an arrow.
The arrow barely misses you.
An ogre comes into view. It is wielding a +0 giant club.
The ogre moves out of view.
The centaur shoots an arrow.
The arrow hits you! The ogre hits you with a +0 giant club!
No path to travel!
The centaur shoots an arrow.
The arrow hits you.
You hear a shout!
The ogre hits you with a +0 giant club!!
* * * LOW HITPOINT WARNING * * *
The centaur shoots an arrow.
The arrow hits you!
You die...
Your divinity fades.

# ### ..# ####.#
#...####....#
#......#....###########
#......@......c.......##
+.####.#.O.######.......
#..∩..# ##.....##
#...........##..##....
.......................
..................##...
..#####....###.#.......
.. ###..# ..##......
#..............


You could see an ogre and a centaur.

Vanquished Creatures
  A sky beast (D:4)
  A centaur (D:4)
  2 scorpions
  A crimson imp (D:4)
  A centaur skeleton (D:4)
  An orc priest (D:3)
  An iguana (D:5)
  Terence (D:2)
  7 gnolls
  3 adders
  An adder zombie (D:3)
  An adder skeleton (D:4)
  A worm (D:3)
  2 dart slugs (D:3)
  5 leopard geckos
  10 orcs
  5 giant cockroaches
  5 goblins
  11 hobgoblins
  4 jackals
  7 kobolds
  3 quokkas
  7 bats
  4 frilled lizards (D:1)
  5 rats
90 creatures vanquished.

Notes
Turn   | Place    | Note
-------+----------+-------------------------------------------
     0 | D:1      | Morbidden the Demigod Archaeologist began the quest for the
                  | Orb.
     0 | D:1      | Reached XP level 1. HP: 15/15 MP: 3/3
    33 | D:1      | Reached skill level 1 in Maces & Flails
   200 | D:1      | Reached XP level 2. HP: 4/22 MP: 4/4
   395 | D:1      | Reached skill level 1 in Fighting
   742 | D:2      | Reached XP level 3. HP: 23/28 MP: 5/5
   748 | D:2      | Reached * piety under Demigod
   749 | D:2      | Reached skill level 1 in Invocations
   956 | D:2      | Reached skill level 1 in Spellcasting
   956 | D:2      | Reached XP level 4. HP: 20/35 MP: 8/8
  1060 | D:2      | Found a runed door.
  1134 | D:2      | Found a blossoming altar of Fedhas.
  1641 | D:3      | Noticed Terence
  2227 | D:2      | Killed Terence
  2436 | D:2      | Reached XP level 5. HP: 7/41 MP: 10/10
  2436 | D:2      | Identified a scroll of acquirement
  2436 | D:2      | Identified the ring of Fedhas's Generosity {rF++ rN+ Str+5
                  | Stlth+} (You acquired it on level 2 of the Dungeon)
  3668 | D:3      | Reached ** piety under Demigod
  3902 | D:3      | Reached skill level 1 in Armour
  4113 | D:4      | Reached XP level 6. HP: 45/48 MP: 11/11
  4236 | D:4      | Noticed a sky beast
  4251 | D:4      | Killed a sky beast
  4528 | D:4      | Reached XP level 7. HP: 55/56 MP: 13/13
  4732 | D:4      | Learned a level 4 spell: Airstrike
  4751 | D:5      | Entered Level 5 of the Dungeon
  4884 | D:5      | Found Ulykasim's Gadget Boutique.
  4889 | D:5      | HP: 1/57 [ogre/+0 giant club (19)]
  4890 | D:5      | Shot with an arrow by a centaur

Skill      XL: |  1  2  3  4  5  6  7 |
---------------+----------------------+-----
Maces & Flails | 1 2 3 |  3.6
Dodging        | 3 |  3.8
Fighting       | 1 2 3 |  3.0
Invocations    | 1 2 |  2.8
Spellcasting   | 1 2 |  2.5
Armour         | 1 |  1.3
Stealth        | |  3.2
Air Magic      | |  0.2

Action                   |  1- 3 |  4- 6 |  7- 9 || total
-------------------------+-------+-------+-------++-------
Melee: Whip              |   176 |   252 |       ||   428
       Mace              |       |    39 |       ||    39
       Morningstar       |       |    52 |    15 ||    67
       Dagger            |       |       |     4 ||     4
Invok: Temporal Distorti |       |     1 |       ||     1
  Use: Potion            |     1 |     2 |     1 ||     4
       Scroll            |       |     1 |       ||     1
 Stab: Sleeping          |     1 |       |       ||     1
  Eat: Chunk             |     4 |    11 |     1 ||    16
       Ration            |       |     3 |       ||     3
Armor: Robe              |    15 |       |       ||    15
       Chain mail        |   115 |   200 |    16 ||   331
Dodge: Dodged            |    90 |   177 |    17 ||   284
